 Dungeon Crawl Stone Soup version 0.18.1-50-g88ac8fd (webtiles) character file.

151 Iflex the Ducker (level 5, -2/39 HPs)
             Began as a Merfolk Gladiator on Oct 1, 2016.
             Slain by a goblin
             ... wielding a +0 club
             ... led by Robin
              (4 damage)
             ... on level 3 of the Dungeon.
             The game lasted 00:09:40 (2492 turns).

Iflex the Ducker (Merfolk Gladiator)                Turns: 2492, Time: 00:09:40

Health: -2/39      AC:  4    Str: 16    XL:     5   Next: 33%
Magic:  5/5        EV: 15    Int:  7    God:
Gold:   151        SH:  0    Dex: 15    Spells: 0 memorised, 4 levels left

rFire  + . .     SeeInvis .     a - +0 trident
rCold  + . .     Gourm    .     b - +0 leather armour
rNeg   . . .     Faith    .     (no shield)
rPois  +         Spirit   .     c - +0 helmet
rElec  +         Dismiss  .     (no cloak)
rCorr  +         Reflect  .     (no gloves)
SustAt .         Harm     .     (no boots)
MR     .....                    (no amulet)
Stlth  +.........               (no ring)
                                (no ring)

@: resistant, not resistant to hostile enchantments, very unstealthy
A: change form in water, swift swim
a: no special abilities


You were on level 3 of the Dungeon.
You were not hungry.

You visited 1 branch of the dungeon, and saw 3 of its levels.

You collected 151 gold pieces.

Inventory:

Hand Weapons
 a - a +0 trident (weapon)
Armour
 b - a +0 leather armour (worn)
 c - a +0 helmet (worn)
Jewellery
 e - an uncursed ring of protection from cold {unknown}
Scrolls
 h - a scroll of amnesia
 j - 2 scrolls of remove curse
 m - 2 scrolls of identify
 o - a scroll of immolation
Potions
 l - a potion of might {unknown}
 p - a potion of lignification {unknown}
 q - a potion of resistance
 s - a potion of mutation {unknown}
Comestibles
 f - 4 bread rations
 g - a chunk of flesh
 k - 4 meat rations
 n - 3 fruits


   Skills:
 + Level 2.5 Fighting
 + Level 5.6 Polearms
 + Level 2.4 Throwing
 + Level 1.1 Armour
 + Level 5.9 Dodging
 + Level 0.2 Stealth


You had 4 spell levels left.
You didn't know any spells.

Dungeon Overview and Level Annotations

Branches:
Dungeon (3/15)

Altars:

Annotations:
D:3 Robin


Message History

The goblin is heavily wounded.
The hobgoblin no longer looks unusually strong.
The orc wizard hits you with a dagger.
* * * LOW HITPOINT WARNING * * *
Robin misses you. The goblin hits you.
* * * LOW HITPOINT WARNING * * *
The hobgoblin closely misses you. The goblin hits you with a club.
* * * LOW HITPOINT WARNING * * *
The goblin barely misses you. The orc wizard closely misses you.
You are too injured to fight recklessly!
You are too injured to fight recklessly!
You completely miss the goblin.
The goblin is heavily wounded.
The goblin no longer looks unusually strong.
The goblin misses you.
Robin roars a battlecry!
The goblins go into a battle-frenzy!
Robin hits you but does no damage. The hobgoblin barely misses you.
The goblin hits you with a club.
You die...

)..# #...# .. ...# #...#
..# ...# #...# #..# ...#
#...# ....# ...# #...#
#.....
...######...######§§....
.....).(.....§g§§§§§....
....÷.(.....§§§gog§.....
##...)......§§§g@g#.....
...####)#...#§##### ...#
#### #)#...#.# ...
#.#...#.# .# #.#...#.# #
#.#...#.## #........#
########.####
#...........###


You could see Robin (inner flame), an orc wizard (inner flame), a hobgoblin
(inner flame) and 3 goblins.

Vanquished Creatures
  5 adders
  2 oozes (D:1)
  A worm (D:2)
  A dart slug (D:2)
  4 giant geckos
  4 orcs (D:3)
  A ball python (D:2)
  7 giant cockroaches
  9 hobgoblins
  8 jackals (D:2)
  2 quokkas
  5 bats
  8 giant newts
  8 goblins
  7 kobolds
  9 rats
81 creatures vanquished.

Notes
Turn   | Place    | Note
--------------------------------------------------------------
     0 | D:1      | Iflex the Merfolk Gladiator began the quest for the Orb.
     0 | D:1      | Reached XP level 1. HP: 16/16 MP: 1/1
   226 | D:1      | Reached XP level 2. HP: 22/22 MP: 2/2
   438 | D:1      | Reached skill level 5 in Polearms
   452 | D:1      | Reached XP level 3. HP: 26/28 MP: 3/3
  1058 | D:2      | Reached skill level 5 in Dodging
  1106 | D:2      | Reached XP level 4. HP: 19/34 MP: 4/4
  1997 | D:2      | Reached XP level 5. HP: 39/39 MP: 5/5
  2171 | D:3      | Reached skill level 1 in Armour
  2475 | D:3      | Noticed Robin
  2492 | D:3      | Slain by a goblin

Skill      XL: |  1  2  3  4  5 |
---------------+----------------+-----
Polearms       | 5 |  5.6
Dodging        | 5 |  5.9
Armour         | 1 |  1.1
Fighting       | |  2.5
Throwing       | |  2.4
Stealth        | |  0.2

Action                   |  1- 3 |  4- 6 || total
-------------------------+-------+-------++-------
Melee: Trident           |   104 |   160 ||   264
Throw: Throwing net      |       |     5 ||     5
  Use: Scroll            |       |     4 ||     4
       Potion            |       |     3 ||     3
 Stab: Sleeping          |     1 |     2 ||     3
  Eat: Chunk             |     1 |     4 ||     5
Armor: Leather armour    |    30 |    34 ||    64
Dodge: Dodged            |    77 |   120 ||   197
